[Event "10th Cesme Open-B 2024"]
[Site "Cesme"]
[Date "2024.06.25"]
[Round "3"]
[White "Korkmaz, Necmettin"]
[Black "Sevig, Mert Can"]
[Result "1-0"]
[ECO "B38"]
[WhiteElo "1999"]
[BlackElo "1881"]
[Annotator "RC"]
[PlyCount "67"]
[EventDate "2024.06.23"]
[EventType "swiss"]
[EventCountry "TUR"]
[SourceTitle "playchess.com"]
[Source "ChessBase"]
[SourceQuality "1"]
[TimeControl "5400+30"]

1. e4 c5 2. Nf3 g6 3. d4 cxd4 4. Nxd4 Bg7 5. c4 Nc6 6. Be3 Nf6 7. Nc3 d6 8. Be2 O-O 9. O-O Bd7 10. Rb1 Nxd4 11. Bxd4 Bc6 12. Qc2 a5 13. b3 Nd7 14. Bxg7 Kxg7 15. Rfd1 Qc7 16. h4 Nc5 17. Nd5 Bxd5 18. cxd5 Qb6 19. h5 f6 20. a3 Rfc8 21. Bg4 Rc7 22. Qe2 Nxb3 23. hxg6 hxg6 24. Bf5 Rh8 25. Qg4 g5 26. Bd7 Rc2 27. Rf1 Rh4 28. Qf3 a4 29. g3 g4 30. Bxg4 Rh6 31. Bf5 Qd8 32. Qg4+ Kh8 33. Kg2 Qf8 34. Rh1 1-0

[Event "10th Cesme Open-B 2024"]
[Site "Cesme"]
[Date "2024.06.25"]
[Round "3"]
[White "Yigit, Ahmet Yasir"]
[Black "Hamurcu, Mehmet"]
[Result "0-1"]
[ECO "A49"]
[WhiteElo "1964"]
[BlackElo "1866"]
[Annotator "RC"]
[PlyCount "84"]
[EventDate "2024.06.23"]
[EventType "swiss"]
[EventCountry "TUR"]
[SourceTitle "playchess.com"]
[Source "ChessBase"]
[SourceQuality "1"]
[TimeControl "5400+30"]

1. Nf3 c5 2. g3 Nc6 3. d4 cxd4 4. Nxd4 g6 5. Bg2 Bg7 6. c3 Nf6 7. O-O O-O 8. b3 d5 9. Bb2 Ne4 10. Na3 e5 11. Nxc6 bxc6 12. c4 Be6 13. Qc2 Bf5 14. Qc1 Qa5 15. Rd1 Rac8 16. Nb1 Rfd8 17. Nc3 Nf6 18. Na4 d4 19. Qd2 Qxd2 20. Rxd2 c5 21. Ba3 Nd7 22. Bb7 Rc7 23. Bd5 Rdc8 24. Bf3 e4 25. Bg2 e3 26. Rdd1 Bc2 27. Rdc1 d3 28. Bb2 exf2+ 29. Kxf2 Bh6 30. Rf1 dxe2 31. Kxe2 Re8+ 32. Kf2 Be3+ 33. Ke2 Nb6 34. Bc3 Nxa4 35. bxa4 Rce7 36. Bf3 Bxa4 37. Kd3 Bd7 38. g4 Rd8 39. Bf6 Bf5+ 40. Kc3 Bd2+ 41. Kb3 Rb8+ 42. Ka3 Re3+ 0-1

[Event "10th Cesme Open-B 2024"]
[Site "Cesme"]
[Date "2024.06.25"]
[Round "3"]
[White "Yilmaz, Kerem Tuna"]
[Black "Buyuk, Ecrin Efsa"]
[Result "1-0"]
[ECO "A51"]
[WhiteElo "1962"]
[BlackElo "1816"]
[Annotator "RC"]
[PlyCount "90"]
[EventDate "2024.06.23"]
[EventType "swiss"]
[EventCountry "TUR"]
[SourceTitle "playchess.com"]
[Source "ChessBase"]
[SourceQuality "1"]
[TimeControl "5400+30"]

1. e4 e6 2. d4 d5 3. exd5 exd5 4. Nf3 Nf6 5. c4 Bb4+ 6. Bd2 Bxd2+ 7. Nbxd2 O-O 8. Be2 Nc6 9. c5 Nh5 10. O-O Nf4 11. Bb5 Ne7 12. Re1 a6 13. Bf1 Nc6 14. Nb3 Bg4 15. h3 Bh5 16. g3 Ne6 17. Bg2 Qf6 18. g4 Bg6 19. Ne5 Nf4 20. Nd7 Qg5 21. Nxf8 Rxf8 22. Re3 Nxg2 23. Kxg2 f5 24. Nd2 Nxd4 25. Nf3 Nxf3 26. Qxd5+ Bf7 27. Qxf3 fxg4 28. Qxg4 Qxc5 29. Rae1 Qc2 30. R3e2 Qc6+ 31. Kg1 Qf6 32. Qg3 c5 33. b3 b5 34. Re7 c4 35. bxc4 bxc4 36. Rc7 h5 37. Re5 Qd6 38. Ree7 Qd1+ 39. Kh2 Qd4 40. Qe3 Qd6+ 41. Qe5 Qb6 42. Rxf7 Rxf7 43. Rc8+ Kh7 44. Qxh5+ Qh6 45. Qxf7 Qc6 1-0

[Event "10th Cesme Open-B 2024"]
[Site "Cesme"]
[Date "2024.06.25"]
[Round "3"]
[White "Tezcan, Alper"]
[Black "Yildiz, Elif Zeren"]
[Result "1-0"]
[ECO "B96"]
[WhiteElo "1936"]
[BlackElo "1879"]
[Annotator "RC"]
[PlyCount "77"]
[EventDate "2024.06.23"]
[EventType "swiss"]
[EventCountry "TUR"]
[SourceTitle "playchess.com"]
[Source "ChessBase"]
[SourceQuality "1"]
[TimeControl "5400+30"]

1. e4 c5 2. Nf3 d6 3. d4 cxd4 4. Nxd4 Nf6 5. Nc3 a6 6. Bg5 e6 7. f4 Nbd7 8. Qe2 Qc7 9. O-O-O Be7 10. g4 h6 11. Bh4 Nb6 12. Bg3 Nfd7 13. h4 Nc5 14. Bg2 Bd7 15. Rhf1 Nca4 16. Nxa4 Nxa4 17. e5 d5 18. Rf3 Bc5 19. f5 Bxd4 20. Rxd4 Nxb2 21. Rb3 Nc4 22. Bxd5 Na5 23. Rbd3 Nc6 24. Bxc6 Bxc6 25. Qd2 Qe7 26. Qa5 O-O 27. Qd2 Bb5 28. f6 gxf6 29. Qxh6 fxe5 30. Bxe5 f6 31. Bd6 Qf7 32. Rf3 Bc6 33. Rf2 e5 34. Bxf8 Rxf8 35. Rd6 Qxa2 36. Qg6+ Kh8 37. Rfxf6 Qa3+ 38. Kd2 Qb4+ 39. c3 1-0

[Event "10th Cesme Open-B 2024"]
[Site "Cesme"]
[Date "2024.06.25"]
[Round "3"]
[White "Uzdemir, Ali Poyraz"]
[Black "Selvi, Kaan"]
[Result "1-0"]
[ECO "B06"]
[WhiteElo "1936"]
[BlackElo "1871"]
[Annotator "RC"]
[PlyCount "75"]
[EventDate "2024.06.23"]
[EventType "swiss"]
[EventCountry "TUR"]
[SourceTitle "playchess.com"]
[Source "ChessBase"]
[SourceQuality "1"]
[TimeControl "5400+30"]

1. e4 g6 2. d4 Bg7 3. Nf3 c6 4. Bd3 d5 5. e5 Bg4 6. O-O e6 7. Nbd2 Ne7 8. h3 Bxf3 9. Nxf3 Qb6 10. Bg5 Nf5 11. Bxf5 gxf5 12. Qd2 Nd7 13. Rfe1 Bf8 14. b3 h6 15. Bh4 Rg8 16. Qe3 Rg6 17. c4 Be7 18. Rac1 Bxh4 19. Nxh4 Rg5 20. Nf3 Rg6 21. Rc2 Qa5 22. Rec1 Ke7 23. Qf4 Rag8 24. g3 Nb8 25. b4 Qd8 26. Qh4+ Ke8 27. Qxd8+ Kxd8 28. cxd5 exd5 29. Nh4 Rg5 30. Ng2 h5 31. Kh2 R5g6 32. Nf4 Rg5 33. b5 Re8 34. bxc6 bxc6 35. Rb2 Ke7 36. Rb7+ Kf8 37. Rcb1 Nd7 38. Rxa7 1-0

[Event "10th Cesme Open-B 2024"]
[Site "Cesme"]
[Date "2024.06.25"]
[Round "3"]
[White "Yasin, Hur"]
[Black "Akkara, Omer"]
[Result "0-1"]
[ECO "D01"]
[WhiteElo "1924"]
[BlackElo "1829"]
[Annotator "NA RC"]
[PlyCount "76"]
[EventDate "2024.06.23"]
[EventType "swiss"]
[EventCountry "TUR"]
[SourceTitle "playchess.com"]
[Source "ChessBase"]
[SourceQuality "1"]
[TimeControl "5400+30"]

1. d4 Nf6 2. Bf4 g6 3. Nc3 d5 4. Qd2 Bg7 5. Bh6 O-O 6. h4 {[%emt 0:00:30] [#]} c5 $11 7. Nf3 cxd4 8. Nxd4 e5 9. Nb3 d4 10. Bxg7 Kxg7 11. O-O-O Nc6 12. Nb5 a6 13. Na3 Ne4 14. Qe1 Qe7 15. f3 Nc3 16. bxc3 Qxa3+ 17. Kb1 a5 18. cxd4 a4 19. Nc1 Ra6 20. c3 Rb6+ 21. Kc2 exd4 22. Rd3 Bf5 23. e4 dxe3 24. Qxe3 Bxd3+ 25. Bxd3 Rb2+ 26. Kd1 Qxc3 27. h5 Qe5 28. h6+ Kg8 29. Be4 Rd8+ 30. Nd3 Nb4 31. Qb6 Qd4 32. Qxd4 Rxd4 33. Kc1 Nxd3+ 34. Bxd3 Rxa2 35. Re1 Kf8 36. Kb1 Rxg2 37. Be4 f5 38. Bc2 Rb4+ 0-1

[Event "10th Cesme Open-B 2024"]
[Site "Cesme"]
[Date "2024.06.25"]
[Round "3"]
[White "Hasirci, Ozgur Deniz"]
[Black "Yekeler, Kerem Sarp"]
[Result "1-0"]
[ECO "B52"]
[WhiteElo "1903"]
[BlackElo "1898"]
[Annotator "RC"]
[PlyCount "87"]
[EventDate "2024.06.23"]
[EventType "swiss"]
[EventCountry "TUR"]
[SourceTitle "playchess.com"]
[Source "ChessBase"]
[SourceQuality "1"]
[TimeControl "5400+30"]

1. e4 c5 2. Nf3 d6 3. Bb5+ Bd7 4. Bxd7+ Qxd7 5. c4 Nc6 6. d4 cxd4 7. Nxd4 Nf6 8. Nc3 g6 9. f3 Bg7 10. Be3 O-O 11. Rc1 Rac8 12. b3 a6 13. O-O Nxd4 14. Bxd4 b5 15. cxb5 axb5 16. Qd3 b4 17. Na4 Qb7 18. Nb6 Nh5 19. Be3 Nf4 20. Qb5 Ra8 21. Rc2 Qa6 22. Qxb4 Ne2+ 23. Kf2 Nd4 24. Rd2 Nc6 25. Qc4 Qxc4 26. Nxc4 Rfb8 27. Rc1 Ra6 28. Kf1 h6 29. Bf2 h5 30. Ne3 Nb4 31. a4 Bh6 32. Rc7 Nc6 33. Rd3 Bxe3 34. Bxe3 Na5 35. Rcc3 Nc6 36. Ke2 f6 37. Rd5 Kf7 38. Rb5 Rc8 39. a5 Ke6 40. b4 Raa8 41. Rb6 Ne5 42. Rxc8 Rxc8 43. f4 Rc2+ 44. Kd1 1-0

[Event "10th Cesme Open-B 2024"]
[Site "Cesme"]
[Date "2024.06.25"]
[Round "3"]
[White "Yildiz, Talat"]
[Black "Ilgaz, Yusuf Kerem"]
[Result "1/2-1/2"]
[ECO "C58"]
[WhiteElo "1891"]
[BlackElo "1966"]
[Annotator "RC"]
[PlyCount "147"]
[EventDate "2024.06.23"]
[EventType "swiss"]
[EventCountry "TUR"]
[SourceTitle "playchess.com"]
[Source "ChessBase"]
[SourceQuality "1"]
[TimeControl "5400+30"]

1. e4 e5 2. Nf3 Nc6 3. Bc4 Nf6 4. Ng5 d5 5. exd5 Na5 6. Bb5+ Bd7 7. Bxd7+ Qxd7 8. Nc3 O-O-O 9. d3 Nxd5 10. Nxd5 Qxd5 11. Qf3 f6 12. Qxd5 Rxd5 13. Ne4 Nc6 14. Nc3 Rd7 15. Be3 Nd4 16. O-O-O Nf5 17. g4 Nh4 18. Ne4 Be7 19. Ng3 Rhd8 20. Nf5 Nxf5 21. gxf5 g6 22. fxg6 hxg6 23. f4 exf4 24. Bxf4 Bc5 25. Rde1 Re7 26. Rxe7 Bxe7 27. Re1 Bc5 28. Re6 Rf8 29. c3 Kd7 30. Re2 g5 31. Bg3 f5 32. d4 Bd6 33. Bxd6 Kxd6 34. Kd2 Rh8 35. Kd3 b5 36. b3 Rh3+ 37. Kd2 g4 38. c4 bxc4 39. bxc4 Ra3 40. Ke1 Rd3 41. d5 Rd4 42. Re6+ Kd7 43. Rf6 f4 44. c5 f3 45. Rf7+ Kd8 46. Rf5 Rc4 47. Rg5 Kc8 48. c6 Kd8 49. Rg8+ Ke7 50. Rg7+ Kd6 51. Rd7+ Ke5 52. Rxc7 Kxd5 53. Rxa7 Kxc6 54. Rg7 Kd5 55. Kf2 Ke5 56. Re7+ Kf6 57. Rh7 Rc2+ 58. Kf1 Rxa2 59. Rh8 Ra1+ 60. Kf2 Ra2+ 61. Kf1 Ra7 62. Kf2 Kg7 63. Rh4 Ra2+ 64. Kf1 Rg2 65. Rh5 Kg6 66. Rh4 Kf5 67. Rh8 Ra2 68. Rf8+ Ke5 69. Re8+ Kf6 70. Rf8+ Kg7 71. Rf4 Ra1+ 72. Kf2 Ra2+ 73. Kf1 Rg2 74. h3 1/2-1/2

[Event "10th Cesme Open-B 2024"]
[Site "Cesme"]
[Date "2024.06.25"]
[Round "3"]
[White "Varyemez, Ali"]
[Black "Karaca, Mert"]
[Result "1/2-1/2"]
[ECO "E11"]
[WhiteElo "1889"]
[BlackElo "1732"]
[Annotator "NA RC"]
[PlyCount "57"]
[EventDate "2024.06.23"]
[EventType "swiss"]
[EventCountry "TUR"]
[SourceTitle "playchess.com"]
[Source "ChessBase"]
[SourceQuality "1"]
[TimeControl "5400+30"]

1. d4 d5 2. c4 e6 3. Nf3 Nf6 4. g3 Bb4+ 5. Bd2 Be7 6. Bg2 O-O 7. O-O c6 8. Qc2 Nbd7 9. Bf4 b6 {[%emt 0:01:30] E11: Bogo-Indian.} 10. Nbd2 {[%emt 0:04:30] is recently more successful than 10.Rd1.} Nh5 11. e4 Nxf4 12. gxf4 dxe4 13. Ne5 $146 ({Predecessor:} 13. Nxe4 Bb7 14. c5 Nf6 15. Rfd1 Qc7 16. b4 {1-0 Lutz,I (2022)-Hosseinzadeh,N (2215) Titled Tuesday intern op 12th Jul Late blitz 2022 (1)}) 13... Nxe5 14. dxe5 f5 15. exf6 Rxf6 16. Bxe4 Rxf4 17. Bxh7+ Kh8 18. Be4 Bd6 19. Bg2 Qh4 20. h3 e5 21. Qd3 Qh6 (21... Bc5 $19 22. Kh1 Bf5 (22... Rxf2 23. Rxf2 Bxf2 24. Rf1 $15) (22... Bxf2 23. Nf3 $11)) 22. Ne4 Be7 $15 ({Black should try} 22... Bc7 $17 23. Rae1 Bf5) 23. Rae1 Be6 24. Qc3 Bf6 25. Re3 Rf8 26. b3 c5 27. a3 Qh5 28. b4 Bh4 29. a4 1/2-1/2

[Event "10th Cesme Open-B 2024"]
[Site "Cesme"]
[Date "2024.06.25"]
[Round "3"]
[White "Gedik, Kerem Bilge"]
[Black "Turgut, Hakan"]
[Result "0-1"]
[ECO "B10"]
[WhiteElo "1857"]
[BlackElo "1979"]
[Annotator "RC"]
[PlyCount "104"]
[EventDate "2024.06.23"]
[EventType "swiss"]
[EventCountry "TUR"]
[SourceTitle "playchess.com"]
[Source "ChessBase"]
[SourceQuality "1"]
[TimeControl "5400+30"]

1. e4 c6 2. c4 d5 3. exd5 cxd5 4. cxd5 Nf6 5. Nc3 Nxd5 6. Nf3 Nxc3 7. bxc3 g6 8. d4 Bg7 9. Bd3 O-O 10. O-O Nc6 11. Re1 Qc7 12. Bg5 Bg4 13. Be4 Na5 14. h3 Be6 15. Qa4 Nc4 16. Rab1 Nb6 17. Qb4 Rfe8 18. a4 Rac8 19. Rbc1 Qd7 20. a5 Nd5 21. Qb2 b5 22. axb6 Nxb6 23. Qb4 Rc4 24. Qb2 Rec8 25. Bd2 R4c7 26. Qb4 Nc4 27. Bf4 a5 28. Qb1 Ra7 29. Nd2 Nxd2 30. Bxd2 a4 31. Qb4 a3 32. Ra1 a2 33. Bc2 Rb7 34. Qa3 Bc4 35. Bf4 Bf8 36. Qc1 Bd5 37. Be4 Bxe4 38. Rxe4 Qf5 39. f3 Qa5 40. Qc2 Ra8 41. Re2 Rba7 42. c4 Bg7 43. Be3 Qb4 44. Kh1 Ra3 45. Bf2 e6 46. Rd2 Bh6 47. Re2 Bg7 48. Rd2 Bh6 49. Re2 Rc3 50. Qd1 Qxc4 51. Qf1 Rc1 52. Re1 Qxf1+ 0-1

[Event "10th Cesme Open-B 2024"]
[Site "Cesme"]
[Date "2024.06.25"]
[Round "3"]
[White "Arslan, Levent"]
[Black "Turan, Asim"]
[Result "1/2-1/2"]
[ECO "B11"]
[WhiteElo "1803"]
[BlackElo "1970"]
[Annotator "RC"]
[PlyCount "104"]
[EventDate "2024.06.23"]
[EventType "swiss"]
[EventCountry "TUR"]
[SourceTitle "playchess.com"]
[Source "ChessBase"]
[SourceQuality "1"]
[TimeControl "5400+30"]

1. e4 c6 2. Nc3 d5 3. Nf3 Bg4 4. h3 Bh5 5. exd5 cxd5 6. Bb5+ Nc6 7. g4 Bg6 8. Ne5 Rc8 9. d4 e6 10. Qe2 Bb4 11. h4 Qa5 12. Bd2 Nge7 13. a3 h5 14. Rd1 Bxc3 15. Bxc3 Qc7 16. Bxc6+ bxc6 17. Bb4 hxg4 18. Bxe7 Qxe7 19. Nxg6 fxg6 20. Rd3 O-O 21. Rg1 Rf4 22. Rxg4 Rcf8 23. Rxg6 Qxh4 24. Qxe6+ R8f7 25. Kd2 Qxf2+ 26. Kc3 c5 27. Qxd5 cxd4+ 28. Kb3 R4f5 29. Qa8+ Kh7 30. Rg2 Qh4 31. Rgg3 Rh5 32. Qg2 Qf6 33. Qe4+ g6 34. Rh3 Rxh3 35. Rxh3+ Kg7 36. Rd3 Rd7 37. Ka2 a5 38. a4 Qf5 39. Qc6 Qf7+ 40. b3 Rc7 41. Qg2 Qf5 42. Kb2 Qe5 43. Qg4 g5 44. Qxd4 Qxd4+ 45. Rxd4 Kf6 46. c3 Rg7 47. Rg4 Kf5 48. Rg1 g4 49. b4 axb4 50. cxb4 g3 51. b5 Ke4 52. Kc3 Kd5 1/2-1/2

[Event "10th Cesme Open-B 2024"]
[Site "Cesme"]
[Date "2024.06.25"]
[Round "3"]
[White "Buyuk, Elvin Esma"]
[Black "Masiya, Mfundo"]
[Result "0-1"]
[ECO "E60"]
[WhiteElo "1717"]
[BlackElo "1971"]
[Annotator "RC"]
[PlyCount "102"]
[EventDate "2024.06.23"]
[EventType "swiss"]
[EventCountry "TUR"]
[SourceTitle "playchess.com"]
[Source "ChessBase"]
[SourceQuality "1"]
[TimeControl "5400+30"]

1. d4 Nf6 2. Nf3 g6 3. c4 Bg7 4. e3 O-O 5. Be2 d5 6. O-O dxc4 7. Bxc4 c5 8. Nc3 a6 9. dxc5 Qa5 10. Qb3 Nbd7 11. Ng5 Ne5 12. f4 Nxc4 13. Qxc4 h6 14. Nge4 Nxe4 15. Nxe4 Be6 16. Qc2 Bf5 17. Qd2 Qc7 18. Ng3 Qxc5 19. Nxf5 gxf5 20. b4 Qc4 21. Rb1 Rfd8 22. Qf2 Rd3 23. Bb2 Qe4 24. Rfe1 Bxb2 25. Rxb2 Rc8 26. Qf3 Rc4 27. Qxe4 Rxe4 28. Kf2 b5 29. h3 h5 30. g3 f6 31. Kf3 e5 32. Kf2 Kf7 33. Kf3 Ke6 34. Kf2 Kd5 35. Kf3 Rc4 36. Ke2 Ke4 37. Kf2 Rcc3 38. Rbe2 Ra3 39. fxe5 fxe5 40. Rc2 Rxe3 41. Rxe3+ Rxe3 42. a4 Rf3+ 43. Kg2 Rb3 44. axb5 axb5 45. Re2+ Kd5 46. Rf2 Ke6 47. Rc2 Rxb4 48. Rc6+ Kd5 49. Rh6 Ke4 50. Rxh5 Rb2+ 51. Kf1 b4 0-1